 Dungeon Crawl Stone Soup version 0.28.0-53-g5a82cb258f (webtiles) character file.

Game seed: 11408066591941433421

354 PentaManta the Vexing (level 6, -1/32 HPs)
             Began as a Kobold Enchanter on June 17, 2022.
             Slain by an orc priest
             ... wielding a +0 falchion
              (3 damage)
             ... on level 4 of the Dungeon.
             The game lasted 00:10:00 (4963 turns).

PentaManta the Vexing (Kobold Enchanter)            Turns: 4963, Time: 00:10:00

Health: -1/32      AC:  3    Str:  6    XL:     6   Next: 94%
Magic:  4/13       EV: 15    Int: 18    God:
Gold:   136        SH:  0    Dex: 15    Spells: 4/15 levels left

rFire   . . .      SeeInvis .   s - +2 dagger (venom)
rCold   . . .      Faith    .   (no shield)
rNeg    . . .      Spirit   .   b - +0 robe
rPois   .          Reflect  .   t - +0 helmet
rElec   .          Harm     .   (no cloak)
rCorr   .          Rampage  .   (no gloves)
Will    .....                   (no boots)
Stlth   ++++......              (no amulet)
HPRegen 0.10/turn               (no ring)
MPRegen 0.13/turn               (no ring)

@: invisible
A: small, no large weapons, nightstalker 3
a: no special abilities


You were on level 4 of the Dungeon.
You visited 1 branch of the dungeon, and saw 4 of its levels.

You collected 136 gold pieces.

Inventory:

Hand Weapons
 s - a +2 dagger of venom (weapon)
Missiles
 e - 4 datura-tipped darts
 j - a throwing net
 m - 5 boomerangs
 r - 5 poisoned darts
Armour
 a - a +0 ring mail
 b - a +0 robe (worn)
 g - an orb of guile
 t - a +0 helmet (worn)
Jewellery
 u - a +6 ring of dexterity
 w - an amulet of magic regeneration
Scrolls
 f - a scroll of silence {unknown}
 h - a scroll of torment {unknown}
 k - a scroll of amnesia {unknown}
 l - a scroll of identify {unknown}
 q - 3 scrolls of noise {unknown}
 v - a scroll of enchant armour {unknown}
 x - a scroll of magic mapping {unknown}
 y - a scroll of fear {unknown}
Potions
 d - a potion of degeneration {unknown}
 i - a potion of mutation {unknown}
 n - 2 potions of cancellation {unknown}
 o - a potion of curing {unknown}
 p - a potion of attraction {unknown}


   Skills:
 * Level 2.6 Short Blades
 * Level 2.6 Dodging
 + Level 4.5 Stealth
 - Level 5.0 Spellcasting
 - Level 5.0 Hexes


You had 4 spell levels left.
You knew the following spells:

 Your Spells              Type           Power      Damage    Failure   Level
a - Ensorcelled Hibernat  Hex/Ice        26%        N/A       7%          2
b - Confusing Touch       Hex            22%        N/A       4%          3
c - Tukima's Dance        Hex            22%        N/A       4%          3
d - Dazzling Flash        Conj/Hex       26%        N/A       14%         3

Your spell library contained the following spells:

 Spells                   Type           Power      Damage    Failure   Level
 Animate Dead             Necr           2%         N/A       78%         4
 Passage of Golubria      Tloc           4%         N/A       78%         4
 Yara's Violent Unravell  Hex/Tmut       6%         3d5       78%         5
 Haunt                    Necr/Summ      2%         N/A       100%        7
 Infestation              Necr           2%         N/A       100%        8


Dungeon Overview and Level Annotations

Branches:
Dungeon (4/15)
 Temple: D:4-7

Altars:
Elyvilon
Yredelemnul

Annotations:
D:1 1 runed translucent door


Innate Abilities, Weirdness & Mutations

You are small and have problems with some larger weapons.
You are completely attuned to the shadows.


Message History

Casting: Ensorcelled Hibernation (safe; 7% risk of failure)
Confirm with . or Enter, or press ? or * to list all spells.
Aiming: Ensorcelled Hibernation (safe; 7% risk of failure)
Press: ? - help, Shift-Dir - straight line, f/p - orc priest
Aim: an orc priest, wielding a +0 falchion (lightly wounded, very poisoned, chance to affect: 47%)
The orc priest resists with some effort.
The kobold closely misses you.
The orc priest hits you with a +0 falchion.
The orc hits you with a +0 mace.
The orc wizard hits you with a +0 dagger.
Casting: Ensorcelled Hibernation (safe; 7% risk of failure)
Confirm with . or Enter, or press ? or * to list all spells.
The spell is quite dangerous to miscast (14% risk of failure)!
Continue anyway?
Casting: Dazzling Flash (quite dangerous; 14% risk of failure)
Press: ? - help, Dir - look around, f - activate The kobold is dazzled.
The orc wizard is dazzled.
The orc is dazzled. x2
The kobold hits you but does no damage. The orc barely misses you.
The orc priest hits you with a +0 falchion.
The orc wizard misses you.
Unknown command.
You hit the orc wizard but do no damage.
The kobold barely misses you.
The orc priest calls down the wrath of Beogh upon you.
Beogh smites you!
* * * LOW HITPOINT WARNING * * *
The orc barely misses you.
You hear a shout!
Unknown command.
Unknown command.
Casting: Dazzling Flash (quite dangerous; 14% risk of failure)
Confirm with . or Enter, or press ? or * to list all spells.
Aiming: Ensorcelled Hibernation (safe; 7% risk of failure)
Press: ? - help, Shift-Dir - straight line, f - orc priest
Aim: an orc priest, wielding a +0 falchion (moderately wounded, poisoned, chance to affect: 47%)
Okay, then.
You fade into invisibility!
The orc wizard hits you but does no damage.
The kobold hits you but does no damage.
The orc priest hits you with a +0 falchion.
You die...

#. [...#####
........=
...o.....
....Ko..< #>oo@#
#.#....# #.#....#
#.#....# #.#....#
####......#
#........###
#.###......#
.#####.###.#.##.##


You could see an orc priest (poisoned), an orc wizard (blind), 2 orcs and a
kobold (blind).

Vanquished Creatures
  A hound (D:2)
  2 orc wizards (D:3)
  A scorpion zombie (D:3)
  A hound skeleton (D:4)
  Robin (D:3)
  9 gnolls
  4 adders
  2 adder zombies (D:3)
  2 worms
  A dart slug (D:2)
  3 orcs (D:3)
  4 bats
  2 endoplasms
  5 giant cockroaches
  14 goblins
  15 hobgoblins
  6 jackals
  5 kobolds
  4 quokkas
  3 ball pythons
  3 rats
88 creatures vanquished.

Vanquished Creatures (others)
  27 plants
27 creatures vanquished.

Grand Total: 115 creatures vanquished

Notes
Turn   | Place    | Note
-------+----------+-------------------------------------------
     0 | D:1      | PentaManta the Kobold Enchanter began the quest for the
                  | Orb.
     0 | D:1      | Reached XP level 1. HP: 10/10 MP: 3/3
     1 | D:1      | Found a runed translucent door.
   254 | D:1      | Reached XP level 2. HP: 15/15 MP: 5/5
   261 | D:1      | Learned a level 2 spell: Ensorcelled Hibernation
   954 | D:1      | Found a faded altar of an unknown god.
  1343 | D:2      | Reached XP level 3. HP: 19/19 MP: 6/6
  1403 | D:2      | Reached XP level 4. HP: 24/24 MP: 8/8
  1410 | D:2      | Learned a level 3 spell: Confusing Touch
  1414 | D:2      | Learned a level 3 spell: Tukima's Dance
  2014 | D:2      | Reached XP level 5. HP: 22/28 MP: 2/10
  2900 | D:3      | Reached XP level 6. HP: 27/32 MP: 9/12
  2910 | D:3      | Learned a level 3 spell: Dazzling Flash
  3031 | D:3      | Found a white marble altar of Elyvilon.
  3053 | D:3      | Found a basalt altar of Yredelemnul.
  3067 | D:3      | Reached skill level 5 in Hexes
  3555 | D:3      | Noticed Robin
  3599 | D:3      | Reached skill level 5 in Spellcasting
  3618 | D:3      | Killed Robin
  4963 | D:4      | Slain by an orc priest

Illustrated notes

Levels and vault maps discovered:
D:1:      dpeg_arrival_caged_fury, layout_loops_ring, basic_ecumenical_altar,
          roderic_roman_lattice
D:2:      minmay_skewed_foursquare, layout_rooms, kennysheep_small_spiral,
          serial_bayou_pond_e, serial_bayou_lagoon_a,
          chequers_serial_rivers_room_b
D:3:      layout_basic, nicolae_yredelemnul_corpse_copse,
          lemuel_coloured_pillars_altar, serial_aquarium,
          aquarium_bridge_island_small [aquarium_subvault_small_open,
          aquarium_subvault_window, aquarium_subvault_bridge,
          aquarium_subvault_window, aquarium_subvault_window],
          aquarium_window_2, aquarium_window_fake, aquarium_view_4,
          aquarium_view_2e, aquarium_balcony_1a, aquarium_pool_side, uniq_robin
D:4:      layout_loops_cross, mainiacjoe_overflow_paths, general_overflow_altar,
          sigmund_edmund_badplayer

Skill      XL: |  1  2  3  4  5  6 |
---------------+-------------------+-----
Hexes          | 4 5 |  5.0
Spellcasting   | 3 4 5 |  5.0
Short Blades   | 2 |  2.6
Dodging        | |  2.6
Stealth        | |  4.5

Action                   |  1- 3 |  4- 6 || total
-------------------------+-------+-------++-------
Melee: Dagger            |    75 |   186 ||   261
       Punch             |     2 |     2 ||     4
Throw: Boomerang         |       |     1 ||     1
 Cast: Ensorcelled Hiber |     4 |    48 ||    52
       Confusing Touch   |       |     1 ||     1
       Dazzling Flash    |       |     1 ||     1
  Use: Potion            |       |     1 ||     1
 Stab: Sleeping          |    14 |    47 ||    61
       Confused          |       |     1 ||     1
Armor: Robe              |     6 |    17 ||    23
Dodge: Dodged            |    51 |   132 ||   183
